Map: Echo LE (Void)

Players

Fropez - Winner!

  • Race: Protoss Protoss
  • League: Gold
  • Spawn Location: 5:00

Antonio

  • Race: Protoss Protoss
  • League: Platinum
  • Spawn Location: 11:00

VOD

Have the link to the VOD?

Description

Time

  • Played on: Dec. 8, 2016, 10:54 a.m.
  • Length: 6:04
Show
View Real Time Build Order
Export as new Build Order

Fropez Protoss - Winner!

Build Orders: Oracle Opening 

Get SALT Encoding   

  12  0:01  Probe (Chrono Boost)  
  13  0:11  Probe (Chrono Boost)  
  14  0:18  Pylon  
  14  0:29  Probe (Chrono Boost)  
  14  0:32  Assimilator  
  15  0:40  Probe (Chrono Boost)  
  16  0:47  Gateway  
  16  0:50  Probe (Chrono Boost)  
  17  1:01  Probe (Chrono Boost)  
  18  1:04  Pylon  
  18  1:11  Assimilator  
  18  1:12  Probe (Chrono Boost)  
  19  1:22  Probe (Chrono Boost)  
  20  1:36  Cybernetics Core  
  20  1:41  Probe (Chrono Boost)  
  21  1:52  Probe (Chrono Boost)  
  22  2:02  Probe (Chrono Boost)  
  23  2:14  Nexus  
  23  2:18  Stargate  
  23  2:22  Stargate  
  23  2:34  Probe (Chrono Boost)  
  24  2:39  Warp Gate (Chrono Boost)  
  24  2:43  Pylon  
  24  2:47  Probe (Chrono Boost)  
  24  2:51  Adept  
  27  3:05  Oracle (Chrono Boost)  
  30  3:18  Adept, Probe  
  33  3:28  Pylon, Probe  
  34  3:38  Oracle (Chrono Boost)  
  37  3:47  Assimilator  
  37  4:20  Assimilator  
  37  4:30  Gateway  
  37  4:31  Oracle  
  37  4:33  Twilight Council  
  37  4:37  Gateway  
  40  4:44  Pylon  
  40  5:02  Oracle  
  43  5:14  Probe x2  
  45  5:22  Adept  
  45  5:23  Gateway  
  45  5:24  Gateway  
  45  5:26  Mothership Core  
  49  5:29  Gateway  
  49  5:36  Robotics Facility  
  49  5:37  Probe  
  49  5:40  Pylon  
Show
View Real Time Build Order
Export as new Build Order

Antonio Protoss 

Build Orders:  

Get SALT Encoding   

  12  0:02  Probe (Chrono Boost)  
  14  0:14  Probe (Chrono Boost)  
  14  0:19  Pylon  
  14  0:26  Assimilator  
  14  0:30  Probe (Chrono Boost)  
  15  0:43  Gateway  
  15  0:45  Probe (Chrono Boost)  
  16  0:56  Probe (Chrono Boost)  
  17  1:03  Assimilator  
  17  1:06  Probe (Chrono Boost)  
  18  1:11  Pylon  
  18  1:17  Probe (Chrono Boost)  
  19  1:27  Probe (Chrono Boost)  
  19  1:32  Cybernetics Core  
  20  1:38  Probe (Chrono Boost)  
  21  1:41  Zealot  
  23  1:49  Probe (Chrono Boost)  
  24  2:04  Probe (Chrono Boost)  
  24  2:08  Gateway  
  25  2:09  Warp Gate (Chrono Boost)  
  25  2:12  Sentry  
  27  2:28  Gateway  
  27  2:32  Pylon  
  27  2:39  Gateway  
  27  2:43  Mothership Core  
  29  2:56  Sentry  
  29  2:57  Stalker  
  33  3:21  Nexus  
  33  3:46  Assimilator  
  33  3:49  Assimilator  
  33  3:51  Pylon  
  33  3:52  Probe  
  24  4:11  Pylon  
  24  4:14  Probe  
  25  4:17  Sentry x3  
  31  4:26  Probe  
  32  4:42  Probe, Gateway  
  32  4:44  Probe  
  34  4:47  Sentry  
  35  4:57  Probe  
  31  5:07  Probe  
  32  5:15  Probe  
  33  5:24  Pylon  
  33  5:30  Probe  
  33  5:31  Probe  
  32  5:50  Probe  
  32  5:51  Probe  
Tags
 
Matchup
PvP
Replay Pack
All Mines
Spawn Locations
Cross Positions
Add a new tag
Caveats
  • Supply blocks, unpowered buildings, or Contaminate may cause inaccurate times.
  • Supply counts are checked every 10 seconds.